 Dungeon Crawl Stone Soup version 0.31-a0-177-g4aa6249778 (webtiles) character file.

Game seed: 9851605269617455848

22 qw the Shooter (level 2, 0/26 HPs)
             Began as a Naga Hunter on June 18, 2023.
             Slain by a goblin
             ... wielding a +0 dagger
             ... led by Robin
              (4 damage)
             ... on level 2 of the Dungeon.
             The game lasted 00:00:08 (250 turns).

qw the Shooter (Naga Hunter)                         Turns: 250, Time: 00:00:09

Health: 0/26       AC:  2    Str: 13    XL:     2   Next: 91%
Magic:  2/2        EV:  9    Int:  9    God:
Gold:   14         SH:  0    Dex: 14    Spells: 1/1 levels left

rFire   . . .        j - +0 longbow
rCold   . . .        (shield currently unavailable)
rNeg    . . .        c - +0 leather armour
rPois   +            (no helmet)
rElec   .            (no cloak)
rCorr   .            (no gloves)
SInv    +            (no barding)
Will    .....        (no amulet)
Stlth   ++           (no ring)
HPRegen 0.24/turn    (no ring)
MPRegen 0.08/turn

%: no passive effects
@: short of breath, very slow
A: AC +0, large, see invisible, deformed body, poison resistance, slowness 2,
spit poison 1, naga tail 1
a: Spit Poison


You were on level 2 of the Dungeon.
You visited 1 branch of the dungeon, and saw 2 of its levels.

You collected 14 gold pieces.


Innate Abilities, Weirdness & Mutations

Your serpentine skin is tough. (AC +0)
You have supernaturally acute eyesight. (SInv)
Armour fits poorly on your strangely shaped body.
Your system is resistant to poisons. (rPois)
You cover ground very slowly.
You can spit poison.
You have a snake-like lower body.


   Skills:
 - Level 2.0 Fighting
 + Level 4.4 Ranged Weapons
 - Level 1.5 Dodging
 - Level 1.5 Stealth


You had one spell level left.
You didn't know any spells.
Your spell library was empty.

Inventory:

Hand Weapons
 j - a +0 longbow (weapon)
Armour
 c - a +0 leather armour (worn)
Scrolls
 b - a scroll of butterflies
 d - a scroll of fog {unknown}
 f - a scroll of blinking {unknown}
 g - a scroll of identify {unknown}
 h - a scroll of vulnerability {unknown}
 i - a scroll of silence {unknown}
Potions
 e - a potion of heal wounds {unknown}

Dungeon Overview and Level Annotations

Branches:
Dungeon (1/15)

Altars:

Annotations:
D:2 Robin


Message History

A goblin comes into view. It is wielding a +0 club.
The goblin moves out of view.
You shoot an arrow. The arrow hits the hobgoblin.
The hobgoblin is almost dead.
You have got your breath back.
Robin throws the goblin at you!
The hobgoblin hits you but does no damage.
The goblin barely misses you. The hobgoblin hits you.
Robin says, "My goblins will feast on your bones."
244 ||| INVOKING Spit Poison.
Aiming: Spit Poison (2% risk of failure)
Press: ? - help, Shift-Dir - straight line, f/p - hobgoblin The splash of poison hits the hobgoblin!
You kill the hobgoblin!
A goblin comes into view. It is wielding a +0 club.
The goblin hits you but does no damage.
You shoot an arrow. The arrow barely misses the goblin.
The goblin hits you but does no damage. Robin closely misses you.
You shoot an arrow. The arrow closely misses the goblin.
The goblin barely misses you.
Robin hits you from afar with a +0 spear.
The goblin hits you with a +0 club.
You shoot an arrow.
The arrow hits the goblin but does no damage.
The goblin closely misses you.
You shoot an arrow. The arrow closely misses the goblin.
You have got your breath back.
The goblin hits you with a +0 club. x2
249 ||| INVOKING Spit Poison.
Aiming: Spit Poison (2% risk of failure)
Press: ? - help, Shift-Dir - straight line, f/p - goblin The splash of poison hits the goblin.
The goblin is poisoned.
You kill the goblin!
Robin throws the goblin at you!
You shoot an arrow. The arrow hits the goblin.
The goblin is moderately wounded.
The goblin no longer looks unusually strong.
The hobgoblin no longer looks unusually strong.
The goblin hits you with a +0 dagger.
You die... ...... .)... .... gg. g)

##g# #%.# #@#
####g#
#....#####.##
#.#..........
#....#####.##
##...# #.###
#####.#######
#............


You could see Robin, a hobgoblin and 3 goblins.

Vanquished Creatures
  A dart slug (D:1)
  2 ball pythons (D:1)
  2 endoplasms (D:1)
  A giant cockroach (D:1)
  5 goblins
  4 hobgoblins
  A frilled lizard (D:1)
16 creatures vanquished.

Notes
Turn   | Place    | Note
-------+----------+-------------------------------------------
     0 | D:1      | qw the Naga Hunter began the quest for the Orb.
     0 | D:1      | Reached XP level 1. HP: 19/19 MP: 1/1
     0 | D:1      | 0 ||| qw: Version: 0.3-a-5-g6f28e65
     0 | D:1      | 0 ||| qw: Game counter: 690
     0 | D:1      | 0 ||| qw: Always use a shield: true
     0 | D:1      | 0 ||| qw: God list: Okawaru
     0 | D:1      | 0 ||| qw: Allow faded altars: false
     0 | D:1      | 0 ||| qw: Do Orc after D:15 true
     0 | D:1      | 0 ||| qw: Do second Lair branch before Depths: true
     0 | D:1      | 0 ||| qw: Lair rune preference: random
     0 | D:1      | 0 ||| qw: Plans: Normal
     0 | D:1      | 0 ||| PLANNING D:1-11
    72 | D:1      | 72 ||| INVOKING Spit Poison.
   106 | D:1      | 106 ||| INVOKING Spit Poison.
   107 | D:1      | Reached skill level 4 in Ranged Weapons
   107 | D:1      | Reached XP level 2. HP: 26/26 MP: 2/2
   120 | D:1      | 120 ||| INVOKING Spit Poison.
   136 | D:1      | 136 ||| INVOKING Spit Poison.
   194 | D:1      | You fall into a shaft and drop 1 floor!
   233 | D:2      | 233 ||| SWAPPING to +0 longbow.
   235 | D:2      | 235 ||| DROPPING +0 shortbow.
   238 | D:2      | Noticed Robin
   239 | D:2      | 239 ||| INVOKING Spit Poison.
   240 | D:2      | 240 ||| INVOKING Spit Poison.
   244 | D:2      | 244 ||| INVOKING Spit Poison.
   248 | D:2      | HP: 3/26 [goblin/+0 club[Robin] (6)]
   249 | D:2      | 249 ||| INVOKING Spit Poison.
   250 | D:2      | Slain by a goblin

Levels and vault maps discovered:
D:1:      co_arrival_square_in_a_square_in_a_square, layout_basic
D:2:      layout_loops_ring, serial_shops, nicolae_shop_pleasant_corner_grove,
          nicolae_shop_window_shopping, shop, uniq_robin

Skill      XL: |  1 |
---------------+----+-----
Ranged Weapons | 4 |  4.4
Fighting       | |  2.0
Dodging        | |  1.5
Stealth        | |  1.5

Action                     || total
---------------------------++-------
   Fire: Shortbow          ||    21
         Longbow           ||    11
Ability: Spit Poison       ||     7
 Armour: Leather armour    ||     4
  Dodge: Dodged            ||     4

Table legend:
 A = Non-vault XP
 B = Vault XP
 C = Vault XP percentage of total XP
 D = Non-vault monster count
 E = Vault monster count
 F = Vault count percentage of total count
                 A         B        C        D         E       F
            +---------+---------+-------+---------+---------+-------
      Total |      23 |       9 |  28.1 |      11 |       5 |  31.2
            +---------+---------+-------+---------+---------+-------
        D:1 |      23 |       0 |   0.0 |      11 |       0 |   0.0
        D:2 |       0 |       9 | 100.0 |       0 |       5 | 100.0
            +---------+---------+-------+---------+---------+-------
